 Dungeon Crawl Stone Soup version 0.27-a0-1500-g450c7e4133 (webtiles) character file.

Game seed: 13450739340409978725

647 hatdisgam the Shield-Bearer (level 7, -1/60 HPs)
             Began as a Gnoll Fighter on July 7, 2021.
             Was a Believer of Yredelemnul.
             Slain by an orc warrior (14 damage)
             ... on level 4 of the Dungeon.
             The game lasted 00:06:33 (3922 turns).

hatdisgam the Shield-Bearer (Gnoll Fighter)         Turns: 3922, Time: 00:06:34

Health: -1/60      AC: 10    Str: 13 (15) XL:     7   Next: 52%
Magic:  10/10      EV:  8    Int:  6 (9)  God:    Yredelemnul [**....]
Gold:   197        SH: 10    Dex: 10 (12) Spells: 11/11 levels left

rFire    . . .     SeeInvis .   i - +0 mace (protect)
rCold    . . .     Faith    .   c - +0 kite shield
rNeg     . . .     Spirit   .   b - +0 scale mail
rPois    .         Reflect  .   u - +0 helmet
rElec    .         Harm     .   s - +0 cloak
rCorr    .         Rampage  .   (no gloves)
Will     .....                  (no boots)
Stlth    +.........             (no amulet)
HPRegen  0.20/turn              (no ring)
MPRegen  0.12/turn              (no ring)

@: brilliant, flying
A: fangs 1, strong nose, distributed training
a: Renounce Religion, Animate Remains, Recall Undead Slaves, Injury Mirror


You were on level 4 of the Dungeon.
You worshipped Yredelemnul.
Yredelemnul was pleased with you.
You visited 1 branch of the dungeon, and saw 5 of its levels.

You collected 197 gold pieces.

Inventory:

Hand Weapons
 a - a +0 trident
 h - a +2 scythe of flaming
 i - a +0 mace of protection (weapon)
Armour
 b - a +0 scale mail (worn)
 c - a +0 kite shield (worn)
 s - a +0 cloak (worn)
 u - a +0 helmet (worn)
Jewellery
 l - a ring of ice
Wands
 q - a wand of digging (6)
Scrolls
 d - 2 scrolls of immolation {unknown}
 f - 3 scrolls of teleportation {unknown}
 m - 2 scrolls of identify {unknown}
 n - a scroll of holy word {unknown}
 p - a scroll of magic mapping {unknown}
Potions
 j - a potion of attraction {unknown}
 k - a potion of mutation {unknown}
 o - a potion of brilliance
 r - a potion of cancellation {unknown}


   Skills:
 + Level 7.0 Fighting
 + Level 2.5 Short Blades
 + Level 2.5 Long Blades
 + Level 2.5 Axes
 + Level 2.5 Maces & Flails
 + Level 5.2 Polearms
 + Level 2.5 Staves
 + Level 2.5 Slings
 + Level 2.5 Bows
 + Level 2.5 Crossbows
 + Level 2.5 Throwing
 + Level 7.0 Armour
 + Level 2.5 Dodging
 + Level 2.5 Stealth
 + Level 7.0 Shields
 + Level 2.5 Unarmed Combat
 + Level 2.5 Spellcasting
 + Level 2.0 Conjurations
 + Level 2.0 Hexes
 + Level 2.0 Summonings
 + Level 2.0 Necromancy
 + Level 2.0 Translocations
 + Level 2.0 Transmutations
 + Level 2.0 Fire Magic
 + Level 2.0 Ice Magic
 + Level 2.0 Air Magic
 + Level 2.0 Earth Magic
 + Level 2.0 Poison Magic
 + Level 2.8 Invocations
 + Level 2.5 Evocations


You had 11 spell levels left.
You didn't know any spells.
Your spell library contained the following spells:

 Spells                   Type           Power      Damage    Failure   Level
 Animate Skeleton         Necr           8%         N/A       88%         1
 Apportation              Tloc           8%         N/A       88%         1
 Corona                   Hex            4%         N/A       88%         1
 Summon Small Mammal      Summ           16%        N/A       88%         1
 Passwall                 Tmut/Erth      3%         N/A       95%         2
 Call Canine Familiar     Summ           4%         N/A       99%         3
 Portal Projectile        Hex/Tloc       8%         N/A       99%         3
 Swiftness                Air            4%         N/A       99%         3
 Leda's Liquefaction      Hex/Erth       2%         N/A       100%        4
 Blade Hands              Tmut           2%         N/A       100%        5
 Excruciating Wounds      Necr           2%         N/A       100%        5
 Invisibility             Hex            2%         N/A       100%        6


Dungeon Overview and Level Annotations

Branches:
Dungeon (5/15)             Temple (0/1) D:4

Altars:
Dithmenos
Kikubaaqudgha
Trog
Uskayaw
Yredelemnul

Annotations:
D:4 2 runed translucent doors, DemonSlayer's ghost, amateur HuBe


Innate Abilities, Weirdness & Mutations

You have very sharp teeth.
Your uncanny sense of smell can sniff out nearby items.
Your experience applies equally to all skills.


Message History

The orc warrior hits you but does no damage.
You closely miss the orc warrior.
The orc warrior is severely wounded.
You block the orc warrior's attack.
The orc priest calls down the wrath of Beogh upon you.
Beogh smites you!
* * * LOW HITPOINT WARNING * * *
The orc warrior hits you with a +2 hand axe of freezing.
* * * LOW HITPOINT WARNING * * *
The orc warrior freezes you.
* * * LOW HITPOINT WARNING * * *
You barely miss the orc warrior.
You bite the orc warrior, but do no damage.
The orc warrior is severely wounded.
You block the orc warrior's attack.
Unknown command.
You feel better. The orc warrior barely misses you.
An orc wizard appears from thin air!
Reactivating autopickup.
The orc priest miscasts a cantrip.
There is a stone staircase leading up here.
The orc warrior hits you with a +2 hand axe of freezing.
* * * LOW HITPOINT WARNING * * *
The orc warrior freezes you.
* * * LOW HITPOINT WARNING * * *
You climb upwards.
Level annotation: 2 runed translucent doors, DemonSlayer's ghost, amateur HuBe
There is a stone staircase leading down here.
It was a potion of brilliance.
You feel clever all of a sudden. The orc warrior barely misses you.
It was a potion of flight.
You feel very buoyant.
You fly up into the air.
You block the orc warrior's attack.
It was a potion of degeneration.
There was something very wrong with that liquid.
You feel weakened.
You feel dopey.
You feel clumsy.
The orc warrior hits you with a +2 hand axe of freezing!
You die...
Your body rises from the dead as a mindless zombie.

##......###....# #.## #
##........#..##.# #.#
#...........###.###.#
#...........# #..##.#####
#..........)# ##.........
#..........## ##..######
#..........######.## ####
##........###..#..# #...
#.......@..###.#.## #.##
#........o.# #.#.# #>#
#..........# #...### ###
#.....>....# ##....######
#..........#####.#.......
##.......................
##......#######.########
######## #.# # ###.# ##


You could see an orc warrior.

Vanquished Creatures
  Sigmund (D:3)
  A necrophage (D:4)
  A bullfrog (D:4)
  A scorpion (D:4)
  A hound (D:3)
  A jelly (D:4)
  An orc priest (D:4)
  Ijyb (D:3)
  An orc wizard (D:4)
  Robin (D:4)
  2 adders
  A worm (D:2)
  2 dart slugs
  8 orcs
  8 endoplasms
  5 giant cockroaches
  9 hobgoblins
  8 jackals
  10 kobolds
  A quokka (D:3)
  7 ball pythons
  5 bats
  6 frilled lizards
  17 goblins
  4 rats
103 creatures vanquished.

Vanquished Creatures (others)
  6 plants (D:3)
6 creatures vanquished.

Grand Total: 109 creatures vanquished

Notes
Turn   | Place    | Note
-------+----------+-------------------------------------------
     0 | D:1      | hatdisgam the Gnoll Fighter began the quest for the Orb.
     0 | D:1      | Reached XP level 1. HP: 23/23 MP: 1/1
   123 | D:1      | Reached XP level 2. HP: 29/29 MP: 2/2
   155 | D:1      | Found a faded altar of an unknown god.
   173 | D:1      | Became a worshipper of Yredelemnul the Dark
   173 | D:1      | Reached * piety under Yredelemnul
   825 | D:2      | Reached XP level 3. HP: 24/35 MP: 3/3
  1464 | D:2      | You fall into a shaft and drop 1 floor!
  1467 | D:3      | Noticed Sigmund
  1477 | D:4      | Noticed a bullfrog
  1488 | D:4      | Reached skill level 1 in Invocations
  1494 | D:4      | Killed a bullfrog
  1495 | D:4      | Reached skill level 1 in Short Blades
  1495 | D:4      | Reached skill level 1 in Long Blades
  1495 | D:4      | Reached skill level 1 in Axes
  1495 | D:4      | Reached skill level 1 in Maces & Flails
  1495 | D:4      | Reached skill level 1 in Staves
  1495 | D:4      | Reached skill level 1 in Slings
  1495 | D:4      | Reached skill level 1 in Bows
  1495 | D:4      | Reached skill level 1 in Crossbows
  1495 | D:4      | Reached skill level 1 in Throwing
  1495 | D:4      | Reached skill level 1 in Dodging
  1495 | D:4      | Reached skill level 1 in Stealth
  1495 | D:4      | Reached skill level 1 in Unarmed Combat
  1495 | D:4      | Reached skill level 1 in Spellcasting
  1495 | D:4      | Reached skill level 1 in Conjurations
  1495 | D:4      | Reached skill level 1 in Hexes
  1495 | D:4      | Reached skill level 1 in Summonings
  1495 | D:4      | Reached skill level 1 in Necromancy
  1495 | D:4      | Reached skill level 1 in Translocations
  1495 | D:4      | Reached skill level 1 in Transmutations
  1495 | D:4      | Reached skill level 1 in Fire Magic
  1495 | D:4      | Reached skill level 1 in Ice Magic
  1495 | D:4      | Reached skill level 1 in Air Magic
  1495 | D:4      | Reached skill level 1 in Earth Magic
  1495 | D:4      | Reached skill level 1 in Poison Magic
  1495 | D:4      | Reached skill level 1 in Evocations
  1495 | D:4      | Reached XP level 4. HP: 20/41 MP: 5/5
  1498 | D:4      | Reached XP level 5. HP: 17/47 MP: 5/7
  1720 | D:4      | Found a shadowy altar of Dithmenos.
  1720 | D:4      | Found a hide-covered altar of Uskayaw.
  1720 | D:4      | Found an ancient bone altar of Kikubaaqudgha.
  1885 | D:4      | Reached ** piety under Yredelemnul
  2061 | D:4      | Found a large runed translucent door.
  2072 | D:4      | Found a large runed translucent door.
  2091 | D:4      | Reached XP level 6. HP: 45/53 MP: 8/8
  2135 | D:3      | Noticed Ijyb
  2150 | D:3      | Killed Ijyb
  2606 | D:3      | Reached skill level 5 in Polearms
  2678 | D:3      | Found a bloodstained altar of Trog.
  2733 | D:3      | Killed Sigmund
  2734 | D:3      | Reached XP level 7. HP: 22/59 MP: 8/10
  3408 | D:4      | Noticed DemonSlayer's ghost (amateur HuBe)
  3411 | D:4      | Noticed Robin
  3478 | D:4      | Killed Robin
  3478 | D:4      | Reached *** piety under Yredelemnul
  3615 | D:4      | Found a staircase to the Ecumenical Temple.
  3835 | D:5      | Entered Level 5 of the Dungeon
  3922 | D:4      | Slain by an orc warrior

Illustrated notes

Levels and vault maps discovered:
D:1:      noname_arrival_rooms_in_the_neighbourhood, layout_basic,
          shapermc_ecumenical_altar_starsandcircs, kennysheep_minor_cross
D:2:      layout_basic
D:3:      minmay_razor_zed, layout_rooms, mainiacjoe_overflow_brackets,
          lexackson_kobold_supper, uniq_ijyb, uniq_sigmund
D:4:      layout_rooms, gammafunk_temple_overflow_claw,
          minmay_temple_entry_proselytizer, ebering_ghost_disaster_area,
          uniq_robin
D:5:      layout_rooms

Skill      XL: |  1  2  3  4  5  6  7 |
---------------+----------------------+-----
Invocations    | 1 2 |  2.8
Short Blades   | 1 2 |  2.5
Long Blades    | 1 2 |  2.5
Axes           | 1 2 |  2.5
Maces & Flails | 1 2 |  2.5
Staves         | 1 2 |  2.5
Slings         | 1 2 |  2.5
Bows           | 1 2 |  2.5
Crossbows      | 1 2 |  2.5
Throwing       | 1 2 |  2.5
Dodging        | 1 2 |  2.5
Stealth        | 1 2 |  2.5
Unarmed Combat | 1 2 |  2.5
Spellcasting   | 1 2 |  2.5
Conjurations   | 1 2 |  2.0
Hexes          | 1 2 |  2.0
Summonings     | 1 2 |  2.0
Necromancy     | 1 2 |  2.0
Translocations | 1 2 |  2.0
Transmutations | 1 2 |  2.0
Fire Magic     | 1 2 |  2.0
Ice Magic      | 1 2 |  2.0
Air Magic      | 1 2 |  2.0
Earth Magic    | 1 2 |  2.0
Poison Magic   | 1 2 |  2.0
Evocations     | 1 2 |  2.5
Polearms       | 5 |  5.2
Fighting       | 7 |  7.0
Armour         | 7 |  7.0
Shields        | 7 |  7.0

Action                   |  1- 3 |  4- 6 |  7- 9 || total
-------------------------+-------+-------+-------++-------
Melee: Trident           |    85 |       |       ||    85
       Bite              |     8 |    15 |    21 ||    44
       Mace              |    25 |   153 |   163 ||   341
  Use: Potion            |     2 |     1 |     4 ||     7
Armor: Scale mail        |    42 |    99 |   106 ||   247
Dodge: Dodged            |    36 |    56 |    75 ||   167
Block: Kite shield       |    77 |   106 |   116 ||   299

Table legend: (Time is in decaauts)
 A = Elapsed time spent in this place.
 B = Non-inter-level travel time spent in this place.
 C = Inter-level travel time spent in this place.
 D = Time resting spent in this place.
 E = Time spent auto-exploring this place.
 F = Levels seen in this place.
 G = Mean time per level.
                   A        B        C        D        E       F      G
               +--------+--------+--------+--------+--------+-----+--------+
         Total |   4102 |   3956 |    146 |    227 |   2857 |   5 |  820.4 |
       Dungeon |   4102 |   3956 |    146 |    227 |   2857 |   5 |  820.4 |
               +--------+--------+--------+--------+--------+-----+--------+

Top non-repeatable levels by time:
     D:4: 1176 daAuts
     D:3: 1066 daAuts
     D:2: 976 daAuts
     D:1: 791 daAuts
     D:5: 92 daAuts
